Map: Prüfung von Aiur LE

Players

ProNoob - Winner!

  • Race: Zerg Zerg
  • Spawn Location: 11:00

Abbadonn

  • Race: Protoss Protoss
  • Spawn Location: 5:00

VOD

Have the link to the VOD?

Description

Time

  • Played on: May 10, 2017, 9:38 a.m.
  • Length: 23:00
Show
View Real Time Build Order
Export as new Build Order

ProNoob Zerg - Winner!

Build Orders: Pool First, Lurkers 

Get SALT Encoding   

  12  0:02  Drone  
  13  0:12  Overlord  
  13  0:17  Drone  
  14  0:30  Extractor  
  13  0:37  Spawning Pool  
  13  0:41  Drone  
  13  0:44  Drone  
  13  0:49  Drone  
  15  0:56  Drone  
  16  1:23  Queen  
  16  1:25  Zergling x6  
  20  1:32  Metabolic Boost  
  21  1:55  Hatchery  
  20  2:05  Drone x2  
  22  2:12  Overlord  
  22  2:27  Overlord  
  22  2:37  Drone  
  23  2:47  Drone  
  23  3:07  Drone x5  
  23  3:12  Queen  
  28  3:14  Overlord  
  30  3:25  Drone x2  
  32  3:36  Drone  
  32  3:38  Drone  
  34  3:46  Hatchery  
  34  3:47  Drone x2  
  34  3:48  Drone x2  
  37  3:54  Drone x2  
  39  4:10  Pneumatized Carapace  
  39  4:11  Lair  
  39  4:13  Drone x4  
  43  4:24  Drone x4  
  43  4:25  Drone x2  
  49  4:42  Roach Warren  
  48  4:52  Extractor  
  47  4:53  Extractor  
  47  4:58  Overlord, Drone x3  
  47  4:59  Overlord x4  
  49  5:01  Extractor  
  49  5:03  Drone  
  49  5:13  Overlord  
  49  5:16  Queen  
  51  5:23  Drone x3  
  51  5:24  Drone  
  51  5:25  Evolution Chamber  
  51  5:26  Evolution Chamber  
  51  5:28  Glial Reconstitution  
  53  5:37  Queen  
  53  5:40  Drone x5  
  53  5:41  Drone x5  
  65  5:51  Overseer  
  65  5:53  Hydralisk Den  
  65  5:56  Evolution Chamber x2  
  61  6:13  Roach x5  
  61  6:14  Roach x5  
  81  6:21  Zerg Missile Weapons Level 1  
  81  6:22  Zerg Ground Armor Level 1  
  81  6:24  Drone x2  
  81  6:25  Drone  
  84  6:28  Extractor  
  84  6:29  Extractor  
  84  6:31  Muscular Augments  
  82  6:41  Drone x4  
  82  6:43  Drone  
  82  6:44  Drone x5  
  92  6:48  Tunneling Claws  
  92  6:53  Burrow  
  92  6:58  Roach x2, Overlord  
  96  7:10  Overlord x4  
  96  7:44  Roach  
  96  7:45  Roach x15  
  96  7:46  Overlord x2  
  128  7:52  Lurker Den  
  127  8:04  Ravager  
  127  8:05  Ravager x8  
  136  8:21  Infestation Pit  
  136  8:23  Overlord  
  136  8:24  Overlord  
  136  8:25  Overlord  
  135  8:33  Hydralisk  
  135  8:34  Hydralisk x4  
  135  8:36  Overlord x5  
  135  8:37  Hatchery  
  135  8:39  Zerg Missile Weapons Level 2  
  144  9:03  Hydralisk x9  
  144  9:04  Extractor  
  144  9:08  Extractor  
  160  9:19  Zerg Ground Armor Level 2  
  160  9:25  Hydralisk x3  
  166  9:37  Lurker x2  
  168  9:49  Queen  
  170  10:05  Lurker  
  170  10:06  Lurker x3  
  157  10:59  Lurker x6  
  163  11:08  Hydralisk x4  
  163  11:09  Hydralisk x6  
  183  11:17  Hive  
  183  11:25  Overseer  
  183  11:26  Overseer  
  183  11:41  Overlord  
  183  11:51  Hydralisk  
  183  11:52  Roach x4, Hydralisk x2  
  183  11:53  Roach  
  199  12:38  Zerg Missile Weapons Level 3  
  199  12:39  Zerg Ground Armor Level 3  
  199  13:25  Hatchery  
  198  14:01  Extractor  
  197  14:04  Extractor  
  196  14:36  Spire  
  196  14:37  Spire  
  184  15:24  Queen  
  184  15:47  Overlord x4  
  184  15:49  Zerg Flyer Weapons Level 1  
  184  15:50  Zerg Flyer Armor Level 1  
  184  16:31  Corruptor x8  
  167  17:04  Hatchery, Corruptor  
  167  17:05  Corruptor x14  
  167  17:06  Corruptor, Mutalisk x5  
  161  17:27  Mutalisk x9  
  161  17:28  Mutalisk x17  
  161  17:29  Mutalisk x2  
  199  17:50  Zerg Flyer Weapons Level 2, Zerg Flyer Armor Level 2  
  191  18:11  Mutalisk x5  
Show
View Real Time Build Order
Export as new Build Order

Abbadonn Protoss 

Build Orders:  

Get SALT Encoding   

  12  0:02  Probe (Chrono Boost)  
  13  0:35  Pylon  
  13  0:36  Probe (Chrono Boost)  
  14  0:43  Pylon  
  14  0:46  Probe (Chrono Boost)  
  16  0:57  Gateway, Probe (Chrono Boost)  
  16  1:07  Probe (Chrono Boost)  
  17  1:15  Forge  
  17  1:18  Probe (Chrono Boost)  
  18  1:26  Assimilator  
  18  1:30  Probe (Chrono Boost)  
  18  1:31  Assimilator  
  19  1:41  Probe (Chrono Boost)  
  20  1:52  Probe (Chrono Boost)  
  21  1:58  Cybernetics Core  
  21  2:06  Photon Cannon  
  21  2:08  Photon Cannon  
  21  2:13  Probe (Chrono Boost)  
  22  2:23  Pylon  
  22  2:24  Probe (Chrono Boost)  
  22  2:27  Pylon  
  23  2:34  Probe (Chrono Boost)  
  24  2:43  Gateway  
  24  2:49  Zealot  
  26  2:57  Warp Gate  
  26  3:21  Zealot  
  26  3:26  Nexus  
  28  3:43  Pylon  
  28  3:50  Pylon  
  28  3:51  Stalker  
  30  3:58  Assimilator  
  30  4:03  Assimilator  
  30  4:09  Gateway  
  30  4:17  Gateway  
  31  4:25  Probe (Chrono Boost)  
  31  4:31  Stalker  
  31  4:37  Probe (Chrono Boost)  
  34  5:14  Pylon  
  34  5:17  Probe (Chrono Boost)  
  35  5:24  Protoss Ground Weapons Level 1, Probe (Chrono Boost)  
  35  5:26  Stalker  
  35  5:27  Stalker x3  
  45  5:28  Probe (Chrono Boost)  
  46  5:36  Probe (Chrono Boost)  
  46  5:40  Probe (Chrono Boost)  
  47  5:48  Probe (Chrono Boost)  
  48  5:52  Probe (Chrono Boost)  
  49  6:05  Probe (Chrono Boost)  
  49  6:13  Stalker x4  
  57  6:26  Robotics Facility  
  57  6:30  Robotics Facility  
  58  6:40  Probe (Chrono Boost)  
  58  6:52  Probe (Chrono Boost)  
  59  6:58  Stalker  
  59  6:59  Stalker x2  
  65  7:02  Stalker  
  65  7:03  Protoss Ground Armor Level 1  
  65  7:04  Probe (Chrono Boost)  
  68  7:14  Stargate  
  69  7:16  Probe (Chrono Boost)  
  69  7:18  Stargate  
  69  7:24  Pylon  
  69  7:26  Pylon  
  69  7:28  Pylon  
  68  8:09  Nexus  
  68  8:19  Twilight Council  
  68  8:23  Fleet Beacon  
  68  8:33  Pylon  
  68  8:34  Pylon  
  68  8:38  Pylon  
  68  8:40  Pylon  
  68  8:47  Stalker x2  
  68  8:48  Stalker  
  74  8:49  Stalker, Protoss Air Weapons Level 1  
  74  8:54  Protoss Shields Level 1  
  76  9:29  Stalker x2  
  76  9:30  Stalker x2  
  84  9:34  Probe (Chrono Boost)  
  85  9:42  Assimilator  
  85  9:45  Probe (Chrono Boost)  
  86  9:46  Assimilator  
  86  9:55  Probe (Chrono Boost)  
  86  9:56  Void Ray x2  
  95  10:05  Probe (Chrono Boost)  
  95  10:06  Probe (Chrono Boost)  
  97  10:10  Probe (Chrono Boost)  
  98  10:16  Probe (Chrono Boost)  
  98  10:17  Probe (Chrono Boost)  
  85  10:22  Probe (Chrono Boost)  
  54  10:29  Protoss Air Armor Level 1, Probe (Chrono Boost)  
  54  10:31  Immortal x2  
  54  10:34  Probe (Chrono Boost)  
  63  10:37  Stalker x3  
  65  10:56  Void Ray x2  
  73  11:05  Probe (Chrono Boost)  
  74  11:15  Probe (Chrono Boost)  
  75  11:26  Probe (Chrono Boost)  
  75  11:28  Carrier x2  
  76  11:36  Probe (Chrono Boost)  
  89  12:00  Immortal x2  
  97  12:12  Protoss Air Weapons Level 2  
  97  12:19  Probe (Chrono Boost)  
  98  12:25  Stalker x4  
  107  12:31  Probe (Chrono Boost)  
  107  12:35  Protoss Ground Weapons Level 2  
  107  12:43  Probe (Chrono Boost)  
  108  12:52  Carrier x2  
  108  13:00  Nexus  
  108  13:02  Probe (Chrono Boost)  
  121  13:08  Immortal x2  
  130  13:14  Probe (Chrono Boost)  
  130  13:22  Pylon  
  130  13:24  Pylon  
  130  13:27  Pylon  
  130  13:47  Photon Cannon  
  130  13:49  Photon Cannon  
  130  13:52  Assimilator  
  130  13:56  Immortal x2  
  130  13:57  Assimilator  
  138  14:10  Protoss Air Armor Level 2  
  138  14:18  Probe (Chrono Boost)  
  139  14:29  Stalker, Probe (Chrono Boost)  
  139  14:30  Stalker x3  
  148  14:39  Probe (Chrono Boost)  
  149  14:50  Protoss Ground Armor Level 2  
  144  15:20  Probe (Chrono Boost)  
  145  15:31  Photon Cannon, Probe (Chrono Boost)  
  146  15:37  Void Ray x2  
  146  15:39  Photon Cannon  
  146  15:42  Photon Cannon  
  146  15:44  Photon Cannon  
  146  15:46  Immortal x2  
  162  16:02  Graviton Catapult  
  162  16:06  Protoss Air Weapons Level 3  
  162  16:15  Pylon  
  162  16:16  Pylon  
  162  16:19  Pylon  
  162  16:25  Photon Cannon x2  
  162  16:27  Photon Cannon  
  102  17:17  Carrier x2, Stalker  
  102  17:19  Stalker x2  
  102  17:20  Stalker  
  110  17:26  Immortal x2  
  122  17:57  Probe (Chrono Boost)  
  119  18:05  Immortal x2  
  101  18:08  Probe (Chrono Boost)  
  101  18:12  Stalker x4  
  98  18:19  Probe (Chrono Boost)  
  91  18:29  Probe (Chrono Boost)  
  86  18:40  Probe (Chrono Boost)  
  69  18:44  Immortal  
  64  18:58  Stalker  
  64  18:59  Stalker x3  
  61  19:22  Stalker x3  
  67  19:26  Probe (Chrono Boost)  
  68  19:37  Probe (Chrono Boost)  
  69  19:47  Probe (Chrono Boost)  
  70  19:57  Stalker x2  
  70  19:58  Probe (Chrono Boost)  
  74  20:16  Pylon  
  74  20:20  Pylon  
  67  20:26  Pylon  
  57  20:32  Pylon  
  57  20:34  Probe (Chrono Boost)  
  57  20:35  Pylon  
  48  20:38  Pylon  
  39  21:10  Probe (Chrono Boost)  
  40  21:21  Probe (Chrono Boost)  
  29  21:31  Probe (Chrono Boost)  
  26  21:42  Probe (Chrono Boost)  
Tags
 
Composition
Lurkers
Matchup
PvZ
Opening
Pool First
Spawn Locations
Cross Positions
Add a new tag
Caveats
  • Supply blocks, unpowered buildings, or Contaminate may cause inaccurate times.
  • Supply counts are checked every 10 seconds.